 Dungeon Crawl Stone Soup version 0.31.0-9-g3a7656b989 (webtiles) character file.

Game seed: 7245220085311733656

198 qw the Shooter (level 5, -1/26 HPs)
             Began as a Spriggan Hunter on Feb 3, 2024.
             Slain by a hound (4 damage)
             ... on level 3 of the Dungeon.
             The game lasted 00:00:06 (1572 turns).

qw the Shooter (Spriggan Hunter)                    Turns: 1572, Time: 00:00:07

Health: -1/26      AC:  2    Str:  7    XL:     5   Next: 47%
Magic:  6/6        EV: 20    Int: 11    God:
Gold:   126        SH:  0    Dex: 20    Spells: 4/4 levels left

rFire   . . .        a - +0 shortbow
rCold   . . .        (shield currently unavailable)
rNeg    + . .        c - +0 robe
rPois   .            (helmet restricted)
rElec   .            (no cloak)
rCorr   .            (gloves unavailable)
SInv    +            (boots unavailable)
Will    .....        (no amulet)
Stlth   ++           e - ring of positive energy
HPRegen 0.24/turn    (no ring)
MPRegen 0.10/turn

%: no passive effects
@: very quick
A: very small, no large weapons, unfitting armour, see invisible, speed 3
a: no special abilities


You were on level 3 of the Dungeon.
You visited 1 branch of the dungeon, and saw 3 of its levels.

You collected 126 gold pieces.


Innate Abilities, Weirdness & Mutations

You are very small and have problems with some larger weapons.
You are too small for most types of armour.
You have supernaturally acute eyesight. (SInv)
You cover ground extremely quickly. (Speed+++)


   Skills:
 - Level 2.1 Fighting
 + Level 5.5 Ranged Weapons
 - Level 5.3 Dodging
 - Level 1.5 Stealth


You had 4 spell levels left.
You didn't know any spells.
Your spell library was empty.

Inventory:

Hand Weapons
 a - a +0 shortbow (weapon)
Armour
 c - a +0 robe (worn)
Jewellery
 d - a ring of resist corrosion
 e - a ring of positive energy (left hand)
Potions
 b - a potion of mutation
 g - a potion of heal wounds {unknown}

Dungeon Overview and Level Annotations

Branches:
Dungeon (3/15)

Altars:


Message History

You shoot an arrow. The arrow closely misses the hound.
The hound misses you. The hound barely misses you.
You shoot an arrow. The arrow misses the hound.
The hound bites you. The hound misses you.
You shoot an arrow. The arrow hits the hound.
The hound is moderately wounded.
The hound completely misses you.
You shoot an arrow. The arrow closely misses the hound.
The hound misses you. The hound completely misses you.
You shoot an arrow. The arrow barely misses the hound.
The hound closely misses you. The hound misses you.
You shoot an arrow. The arrow hits the hound.
The hound is moderately wounded.
The hound closely misses you.
You shoot an arrow.
The arrow hits the hound but does no damage.
The hound is moderately wounded.
The hound misses you.
The quokka twitches its whiskers.
The hound bites you.
You shoot an arrow. The arrow closely misses the hound.
The hound misses you. The quokka misses you. The hound bites you.
You shoot an arrow. The arrow closely misses the hound.
The hound barely misses you. The quokka bites you.
You shoot an arrow. The arrow hits the hound.
The hound is heavily wounded.
The hound barely misses you. The quokka misses you.
The hound closely misses you. The quokka misses you.
You shoot an arrow. The arrow misses the hound.
The hound completely misses you. The quokka misses you. The hound bites you.
You shoot an arrow. The arrow hits the hound.
The hound is severely wounded.
The hound bites you. The quokka misses you.
You shoot an arrow. The arrow hits the hound.
The hound is severely wounded.
The hound misses you. The quokka bites you. The hound barely misses you.
The quokka completely misses you.
You shoot an arrow. The arrow misses the hound.
The hound barely misses you. The quokka bites you. The hound bites you.
You die...

.## #.# ..# .. ##.##
#### #.# #> #.... .....
#.#### #.####...# .....
#.... #....###.#
.....##... #....# 7.7
..#.......#####....#77.7
#.....r.#...............
#####.h@######...###77.7
........### ###..## 7.7
.###.#....## ##..###.# #
###...### ##.##...
##...<# #..####.
####.####..# #.
#.......####.
#.##.#..#....
#.##.#..#.##.


You could see a hound and a quokka.

Vanquished Creatures
  Jessica (D:2)
  3 orc wizards (D:3)
  2 adders (D:2)
  2 dart slugs
  3 ribbon worms (D:2)
  5 orcs (D:3)
  5 ball pythons
  5 bats
  4 endoplasms (D:1)
  A giant cockroach (D:2)
  6 goblins
  5 hobgoblins
  5 jackals (D:2)
  A kobold (D:1)
  4 quokkas
  A frilled lizard (D:2)
  9 rats
62 creatures vanquished.

Notes
Turn   | Place    | Note
-------+----------+-------------------------------------------
     0 | D:1      | qw the Spriggan Hunter began the quest for the Orb.
     0 | D:1      | Reached XP level 1. HP: 10/10 MP: 2/2
     0 | D:1      | 0 ||| qw: Version: 0.3-a-155-g5e7d8dd
     0 | D:1      | 0 ||| qw: Game counter: 2886
     0 | D:1      | 0 ||| qw: Melee chars always use a shield: true
     0 | D:1      | 0 ||| qw: God list: Okawaru
     0 | D:1      | 0 ||| qw: Allow faded altars: false
     0 | D:1      | 0 ||| qw: Do Orc after clearing Dungeon:15 true
     0 | D:1      | 0 ||| qw: Do second Lair branch before Depths: true
     0 | D:1      | 0 ||| qw: Lair rune preference: random
     0 | D:1      | 0 ||| qw: Goals: Normal
     0 | D:1      | 0 ||| PLANNING D:1-11
    17 | D:1      | Reached skill level 3 in Dodging
   175 | D:1      | Reached XP level 2. HP: 14/14 MP: 3/3
   267 | D:1      | Reached XP level 3. HP: 18/18 MP: 4/4
   644 | D:1      | 644 ||| UPGRADING to ring of positive energy.
   645 | D:1      | 645 ||| READING scroll labelled IMPOIS FOUFEARUFE.
   646 | D:1      | 646 ||| DROPPING scroll of butterflies.
   749 | D:2      | Noticed Jessica
   755 | D:2      | Killed Jessica
   756 | D:2      | Reached XP level 4. HP: 21/22 MP: 5/5
  1209 | D:2      | 1209 ||| READING 2 scrolls labelled DODDOK JIJASM.
  1209 | D:2      | 1209 ||| IDENTIFYING fuming blue potion
  1210 | D:2      | 1210 ||| READING scroll of identify.
  1210 | D:2      | 1210 ||| IDENTIFYING sapphire potion
  1211 | D:2      | 1211 ||| READING scroll labelled SUALOGHIUWK.
  1211 | D:2      | 1211 ||| ENCHANTING +0 shortbow.
  1212 | D:2      | 1212 ||| DRINKING 2 coppery potions.
  1213 | D:2      | 1213 ||| DRINKING potion of curing.
  1213 | D:2      | 1213 ||| (to cure confusion)
  1214 | D:2      | 1214 ||| DROPPING potion of ambrosia.
  1247 | D:3      | 1247 ||| FLEEEEING.
  1248 | D:3      | 1248 ||| FLEEEEING.
  1303 | D:3      | 1303 ||| FLEEEEING.
  1305 | D:3      | 1305 ||| FLEEEEING.
  1315 | D:3      | Reached XP level 5. HP: 26/26 MP: 6/6
  1413 | D:3      | Found a faded altar of an unknown god.
  1453 | D:3      | 1453 ||| FLEEEEING.
  1571 | D:3      | HP: 6/26 [quokka (3)]
  1572 | D:3      | Slain by a hound

Levels and vault maps discovered:
D:1:      dpeg_arrival_round_b, layout_loops_ring
D:2:      layout_rooms, chequers_jeans, uniq_jessica
D:3:      layout_rooms, biasface_ghost_orc_armoury,
          shapermc_ecumenical_altar_acropolis, minmay_tree_intersection,
          uniq_grinder

Skill      XL: |  1  2  3  4  5 |
---------------+----------------+-----
Dodging        | 3 4 5 |  5.3
Ranged Weapons | 5 |  5.5
Fighting       | 2 |  2.1
Stealth        | |  1.5

Action                     |  1- 3 |  4- 6 || total
---------------------------+-------+-------++-------
   Fire: Shortbow          |    72 |   112 ||   184
    Use: Scroll            |     1 |     3 ||     4
         Potion            |       |     2 ||     2
 Armour: Robe              |     6 |    24 ||    30
  Dodge: Dodged            |    18 |    55 ||    73

Table legend:
 A = Non-vault XP
 B = Vault XP
 C = Vault XP percentage of total XP
 D = Non-vault monster count
 E = Vault monster count
 F = Vault count percentage of total count
                 A         B        C        D         E       F
            +---------+---------+-------+---------+---------+-------
      Total |     247 |      37 |  13.0 |      61 |       1 |   1.6
            +---------+---------+-------+---------+---------+-------
        D:1 |      50 |       0 |   0.0 |      26 |       0 |   0.0
        D:2 |      67 |      37 |  35.6 |      23 |       1 |   4.2
        D:3 |     130 |       0 |   0.0 |      12 |       0 |   0.0
            +---------+---------+-------+---------+---------+-------
